 Dungeon Crawl Stone Soup version 0.25.1-2-g60ff931df9 (webtiles) character file.

Game seed: 6204096025230888970

3543 Luthien the Thaumaturge (level 9, -1/55 HPs)
             Began as a Deep Elf Conjurer on Aug 19, 2020.
             Was a Believer of Vehumet.
             Killed from afar by Harold (13 damage)
             ... with a harpoon shot
             ... on level 8 of the Dungeon.
             The game lasted 00:36:54 (8952 turns).

Luthien the Thaumaturge (Deep Elf Conjurer)         Turns: 8952, Time: 00:36:55

Health: -1/55      AC:  5    Str:  5    XL:     9   Next: 82%
Magic:  2/25       EV: 14    Int: 24    God:    Vehumet [**....]
Gold:   308        SH:  0    Dex: 15    Spells: 17/28 levels left

rFire    . . .     SeeInvis +   a - +2 whip (freeze)
rCold    + . .     Gourm    .   (no shield)
rNeg     . . .     Faith    .   e - +1 robe {rC+}
rPois    .         Spirit   .   (no helmet)
rElec    .         Reflect  .   k - scarf {+Inv}
rCorr    .         Harm     .   R - +0 pair of gloves
MR       .....                  t - +0 pair of boots
Stlth    +++.......             N - amulet of regeneration
HPRegen  0.58/turn              Y - ring of wizardry
MPRegen  0.19/turn              Q - ring of see invisible

@: lethally poisoned (-1 -> -2), marked
A: no striking features
a: Renounce Religion, Evoke Invisibility


You were on level 8 of the Dungeon.
You worshipped Vehumet.
Vehumet was pleased with you.
You were very hungry.

You visited 2 branches of the dungeon, and saw 9 of its levels.
You also visited: Sewer.

You collected 308 gold pieces.

Inventory:

Hand Weapons
 a - a +2 whip of freezing (weapon)
 J - a +1 short sword of venom
Missiles
 d - 27 sling bullets
 i - 68 arrows
 q - 125 stones (quivered)
 y - 4 silver boomerangs
 L - 3 boomerangs
Armour
 e - a +1 robe of cold resistance (worn)
 k - a scarf of invisibility (worn)
 t - a +0 pair of boots (worn)
 R - a +0 pair of gloves (worn)
 V - a +0 ring mail of cold resistance
 Z - a +0 troll leather armour
Jewellery
 D - an uncursed ring of poison resistance
 N - an amulet of regeneration (around neck)
 Q - a ring of see invisible (right hand)
 Y - a ring of wizardry (left hand)
Wands
 F - a wand of acid (21)
 H - a wand of enslavement (8)
 M - a wand of polymorph (6)
 W - a wand of clouds (5)
 X - a wand of flame (14)
Scrolls
 g - a scroll of teleportation
 h - a scroll of fear
 x - 2 scrolls of fog {unknown}
 A - 3 scrolls of amnesia {unknown}
 G - 2 scrolls of remove curse
 K - 2 scrolls of magic mapping {unknown}
 O - a scroll of acquirement {unknown}
 U - a scroll of random uselessness {unknown}
Potions
 b - 2 potions of stabbing {unknown}
 f - a potion of mutation {unknown}
 m - 4 potions of curing
 o - 3 potions of brilliance
 p - a potion of resistance {unknown}
 u - 3 potions of flight
 v - a potion of might {unknown}
 w - a potion of invisibility {unknown}
 B - a potion of haste {unknown}
 P - a potion of ambrosia {unknown}
 T - 5 potions of degeneration {unknown}
Comestibles
 c - 18 rations


   Skills:
 + Level 5.8 Fighting
 - Level 4.0 Dodging
 - Level 5.0 Stealth
 + Level 10.0 Spellcasting
 + Level 9.2 Conjurations
 - Level 5.0 Evocations


You had 17 spell levels left.
You knew the following spells:

 Your Spells              Type           Power        Failure   Level  Hunger
a - Magic Dart            Conj           ####         1%          1    None
b - Searing Ray           Conj           ######       1%          2    None
i - Iskenderun's Mystic   Conj/Tloc      ####....     3%          4    #......
p - Fulminant Prism       Conj/Hex       ####......   3%          4    #......

Your spell library contained the following spells:

 Spells                   Type           Power        Failure   Level  Hunger
 Foxfire                  Conj/Fire      ####         1%          1    None
 Dazzling Flash           Conj/Hex       ####..       1%          3    None
 Animate Skeleton         Necr           N/A          2%          1    None
 Apportation              Tloc           ##....       2%          1    None
 Corona                   Hex            ##.....      2%          1    None
 Summon Small Mammal      Summ           ##..         2%          1    None
 Confusing Touch          Hex            ##......     6%          3    None
 Gell's Gravitas          Tloc           ##........   6%          3    None
 Petrify                  Tmut/Erth      ##......     21%         4    #......
 Metabolic Englaciation   Hex/Ice        ##........   47%         5    ####...
 Yara's Violent Unravell  Hex/Tmut       ##........   47%         5    ####...


Dungeon Overview and Level Annotations

Branches:
Dungeon (8/15)             Temple (1/1) D:4           Sewer (visited)
   Lair: D:8-11

Altars:
Cheibriados
Dithmenos
Elyvilon
Fedhas
Gozag
Nemelex Xobeh
Qazlal
Ru
Trog
Uskayaw
Vehumet
Wu Jian
Xom
Zin
The Shining One

Annotations:
D:6 !Gargo
D:7 3 runed translucent doors, Velaskes's ghost, novice DsAK
D:8 Harold


Message History

Unknown command.
Unknown command.
You feel much better. The wolf bites you.
Okay, then.
Unknown command.
As you read the scroll labeled IJOGAE KIUCOUN, it crumbles to dust.
You feel strangely unstable.
It was a scroll of teleportation.
You feel sick. The wolf misses you. The wolf bites you!
* * * LOW HITPOINT WARNING * * *
You feel sick. The wolf closely misses you.
Harold says, "Let's make it quick, okay?
I've got mouths to feed."
Your surroundings suddenly seem different.
You feel sick.
The centaur wields a shortbow.
The centaur shoots an arrow.
The arrow hits you.
* * * LOW HITPOINT WARNING * * *
A centaur comes into view. It is wielding a +0 shortbow.
You see here an arrow.
Harold fires a harpoon shot at you. The harpoon shot hits you!
You die...

#.h#.# ##h#.#######+##
#............#
##.###.......##
#@###........#
#########..##........#
#....h....@##........#
##......[.....).......#
.†.....†.)).c.h.@>....#
.....P.....)Ph........#
..#.......)....#[.....#
..##.#.#''#.#.##.######
## #####).######.#
#..#....#..##.#
#..'....'..##)#
####(...####..#
#############.#


You could see Harold, a centaur and 2 hounds.

Vanquished Creatures
  Pikel (D:8)
  A troll (D:8)
  Prince Ribbit (D:5)
  3 sky beasts
  A slave (D:8)
  2 phantoms
  3 wolves (D:8)
  2 ogres
  A centaur (D:8)
  A crocodile (D:8)
  5 big kobolds
  A bullfrog (D:7)
  2 scorpions
  8 killer bees (D:8)
  2 howler monkeys (D:8)
  A jelly (D:6)
  A centaur zombie (D:8)
  4 hounds
  An orc wizard (D:4)
  3 orc priests (D:4)
  An iguana (D:4)
  3 worker ants
  A hound zombie (D:6)
  16 adders
  4 gnolls
  A shadow imp (D:6)
  2 oozes
  An adder skeleton (D:5)
  7 worms
  3 dart slugs
  2 leopard geckos
  19 orcs
  4 bats
  8 giant cockroaches
  6 goblins
  6 hobgoblins
  6 jackals
  7 kobolds
  2 quokkas
  3 ball pythons
  A ball python skeleton (D:5)
  8 frilled lizards
  2 quokka skeletons
  9 rats
166 creatures vanquished.

Vanquished Creatures (others)
  3 slaves (D:8)
  18 fulminant prisms (D:8)
21 creatures vanquished.

Grand Total: 187 creatures vanquished

Notes
Turn   | Place    | Note
-------+----------+-------------------------------------------
     0 | D:1      | Luthien the Deep Elf Conjurer began the quest for the Orb.
     0 | D:1      | Reached XP level 1. HP: 10/10 MP: 6/6
   207 | D:1      | Reached XP level 2. HP: 15/15 MP: 5/8
   211 | D:1      | Learned a level 2 spell: Searing Ray
  1025 | D:1      | Reached XP level 3. HP: 19/19 MP: 7/10
  1743 | D:2      | Reached XP level 4. HP: 24/24 MP: 9/11
  2011 | D:3      | You fall into a shaft and drop 2 floors!
  2011 | D:5      | Entered Level 5 of the Dungeon
  2044 | D:4      | Found a staircase to the Ecumenical Temple.
  2063 | D:4      | Reached skill level 1 in Fighting
  2063 | D:4      | Reached skill level 4 in Spellcasting
  2063 | D:4      | Reached skill level 5 in Conjurations
  2322 | D:4      | Reached XP level 5. HP: 27/29 MP: 8/13
  2434 | D:3      | Found a glowing drain.
  2447 | Sewer    | Entered a sewer
  2768 | Sewer    | Reached skill level 1 in Evocations
  2916 | Sewer    | Reached XP level 6. HP: 34/34 MP: 10/14
  2969 | Sewer    | Reached skill level 5 in Spellcasting
  3296 | Temple   | Entered the Ecumenical Temple
  3366 | Temple   | Became a worshipper of Vehumet
  4397 | D:4      | Reached XP level 7. HP: 30/40 MP: 7/16
  4568 | D:4      | Learned a level 4 spell: Fulminant Prism
  4573 | D:4      | Learned a level 4 spell: Iskenderun's Mystic Blast
  5038 | D:4      | Reached skill level 5 in Stealth
  5542 | D:5      | Reached skill level 6 in Spellcasting
  5653 | D:5      | Reached * piety under Vehumet
  5653 | D:5      | Offered knowledge of Freeze by Vehumet.
  5918 | D:5      | Noticed Prince Ribbit
  5931 | D:5      | Killed Prince Ribbit
  5931 | D:5      | Reached XP level 8. HP: 46/46 MP: 8/19
  6292 | D:5      | Found a sacrificial altar of Ru.
  6348 | D:5      | Found a glowing golden altar of the Shining One.
  6636 | D:6      | Reached skill level 7 in Spellcasting
  7362 | D:6      | Noticed a gargoyle
  7988 | D:7      | Found a runed translucent gate.
  7988 | D:7      | Found a runed translucent gate.
  7989 | D:7      | Found a runed translucent gate.
  7989 | D:7      | Found an opulent altar of Gozag.
  7991 | D:7      | Noticed Velaskes's ghost (novice DsAK)
  8041 | D:7      | Found a glowing silver altar of Zin.
  8041 | D:7      | Found a shadowy altar of Dithmenos.
  8164 | D:8      | Reached skill level 5 in Evocations
  8255 | D:8      | Reached skill level 8 in Spellcasting
  8258 | D:8      | Reached XP level 9. HP: 37/52 MP: 7/23
  8441 | D:8      | Reached ** piety under Vehumet
  8503 | D:8      | Noticed a troll
  8508 | D:8      | Killed a troll
  8571 | D:8      | Offered knowledge of Foxfire by Vehumet.
  8574 | D:8      | Reached skill level 5 in Fighting
  8574 | D:8      | Reached skill level 9 in Spellcasting
  8689 | D:8      | Noticed Pikel
  8699 | D:8      | Killed Pikel
  8917 | D:8      | Noticed Harold
  8932 | D:8      | Reached skill level 10 in Spellcasting
  8952 | D:8      | Killed from afar by Harold

Illustrated notes

Levels and vault maps discovered:
D:1:      lemuel_arrival_hallway, layout_basic, patterned_corridor
D:2:      layout_rooms
D:3:      layout_basic, cheibrodos_sewer_entry_bend
D:4:      layout_loops_corners, minmay_temple_entry_mini_moons
D:5:      layout_gridville, nicolae_ru_path_of_blood, tso_altar, first_ration,
          uniq_prince_ribbit1
D:6:      layout_loops_corners
D:7:      layout_loops_ring, gammafunk_temple_overflow_elements,
          ebering_ghost_gozag
D:8:      layout_basic, erik_lair_island, blue_anna_alchemist
          [blue_anna_fruit_fields, blue_anna_fruit_fields], uniq_pikel,
          uniq_harold
Temple:   minmay_crystal_spiral_temple

Skill      XL: |  1  2  3  4  5  6  7  8  9 |
---------------+----------------------------+-----
Stealth        | 3 4 5 |  5.0
Dodging        | 3 4 |  4.0
Fighting       | 1 2 3 4 5 |  5.8
Spellcasting   | 4 5 6 8 10 | 10.0
Conjurations   | 5 6 7 9 |  9.2
Evocations     | 1 2 3 5 |  5.0

Action                   |  1- 3 |  4- 6 |  7- 9 || total
-------------------------+-------+-------+-------++-------
Melee: Short sword       |       |     3 |       ||     3
       Mace              |       |       |     8 ||     8
 Cast: Magic Dart        |    50 |    65 |    42 ||   157
       Searing Ray       |     4 |    22 |    63 ||    89
       Fulminant Prism   |       |       |    18 ||    18
 Abil: Evoke Invisibilit |       |     1 |       ||     1
  Use: Scroll            |       |     4 |     4 ||     8
       Potion            |       |       |     2 ||     2
  Eat: Chunk             |     2 |     8 |    11 ||    21
       Ration            |       |       |     1 ||     1
Armor: Leather armour    |     1 |     2 |    10 ||    13
       Robe              |       |       |     6 ||     6
       Troll leather arm |       |       |     1 ||     1
       Skin              |       |       |     1 ||     1
Dodge: Dodged            |     3 |    21 |    60 ||    84
